 Dungeon Crawl Stone Soup version 0.32-a0-876-gcfddb08e57 (webtiles) character file.

Game seed: 5701215760325119020

271 Autsider the Magician (level 6, -2/61 HPs)
             Began as an Oni Hedge Wizard on Apr 1, 2024.
             Slain by a water moccasin (9 damage)
             ... on level 4 of the Dungeon.
             The game lasted 00:14:32 (3931 turns).

Autsider the Magician (Oni Hedge Wizard)            Turns: 3931, Time: 00:14:32

Health: -2/61      AC:  1    Str: 15    XL:     6   Next: 23%
Magic:  3/12       EV:  8    Int: 17    God:
Gold:   197        SH:  0    Dex:  8    Spells: 10/13 levels left

rFire   . . .        b - +0 club
rCold   . . .        (no shield)
rNeg    . . .        (body armour restricted)
rPois   .            c - +0 hat
rElec   .            (no cloak)
rCorr   .            (gloves unavailable)
SInv    .            (boots unavailable)
Will    .....        (no amulet)
Stlth   +            (no ring)
HPRegen 0.30/turn    (no ring)
MPRegen 0.13/turn

%: no passive effects
@: no status effects
A: large, unfitting armour, horns 1, tough skin 1, double potion healing,
drunken brawling
a: no special abilities


You were on level 4 of the Dungeon.
You visited 1 branch of the dungeon, and saw 4 of its levels.

You collected 197 gold pieces.

Inventory:

Hand Weapons
 b - a +0 club (weapon)
Armour
 c - a +0 hat (worn)
Jewellery
 u - an amulet of regeneration
Wands
 t - a wand of paralysis (8)
Scrolls
 a - 2 scrolls of revelation {unknown}
 e - a scroll of enchant armour {unknown}
 f - 7 scrolls of identify
 g - a scroll of acquirement {unknown}
 j - 3 scrolls of blinking {unknown}
 k - 3 scrolls of enchant weapon {unknown}
 n - 2 scrolls of noise {unknown}
 o - a scroll of vulnerability {unknown}
 s - 3 scrolls of immolation {unknown}
Potions
 d - 4 potions of magic
 h - a potion of enlightenment {unknown}
 i - 2 potions of curing
 l - a potion of haste {unknown}
 m - 2 potions of brilliance {unknown}
 p - a potion of attraction {unknown}
 q - a potion of berserk rage {unknown}
 r - 2 potions of mutation {unknown}
 v - a potion of degeneration {unknown}


   Skills:
 + Level 3.4 Fighting
 + Level 2.3 Maces & Flails
 - Level 1.7 Dodging
 - Level 1.4 Stealth
 + Level 4.2 Spellcasting
 + Level 2.5 Conjurations
 + Level 2.5 Summonings
 + Level 1.2 Translocations


You had 10 spell levels left.
You knew the following spells:

 Your Spells              Type           Power      Damage    Failure   Level
a - Magic Dart            Conj           48%        1d5       5%          1
A - Call Imp              Summ           24%        N/A       9%          2

Your spell library contained the following spells:

 Spells                   Type           Power      Damage    Failure   Level
 Blink                    Tloc           14%        N/A       14%         2
 Slow                     Hex            12%        N/A       16%         1
 Call Canine Familiar     Summ           12%        N/A       16%         3
 Cigotuvi's Dreadful Rot  Necr/Alch/Air  6%         N/A       24%         2
 Sublimation of Blood     Necr           3%         N/A       24%         2
 Mephitic Cloud           Conj/Alch/Air  6%         N/A       32%         3
 Sigil of Binding         Hex            3%         N/A       43%         3
 Dimensional Bullseye     Hex/Tloc       2%         N/A       75%         4
 Summon Hydra             Summ           6%         N/A       100%        7


Dungeon Overview and Level Annotations

Branches:
Dungeon (4/15)
 Temple: D:4-7

Altars:

Shops:
D:3 =

Annotations:
D:2 exclusion: downstairs


Innate Abilities, Weirdness & Mutations

You are too large for most types of armour.
You have a pair of small horns on your head.
You have tough skin. (AC +1)
You gain doubled healing and magic from potions.
Whenever you drink a healing potion, you attack all around you.


Message History

* * * LOW HITPOINT WARNING * * *
The water moccasin bites you but does no damage.
The hound stops to sniff the ground.
The hound barely misses you.
You feel very sick.
The water moccasin attacks as it pursues you!
The water moccasin bites you.
* * * LOW HITPOINT WARNING * * *
You are lethally poisoned!
The water moccasin poisons you! The hound attacks as it pursues you!
The hound closely misses you.
Your cerulean imp hits the water moccasin from afar with a -3 spear.
* * * LOW HITPOINT WARNING * * *
You feel very sick.
The water moccasin bites your cerulean imp.
The hound bites your cerulean imp but does no damage.
The water moccasin misses your cerulean imp.
Your cerulean imp hits the water moccasin with a -3 spear.
The hound barely misses your cerulean imp.
It was a potion of curing.
You savour every drop.
You feel better.
The water moccasin barely misses your cerulean imp.
The hound completely misses your cerulean imp.
Your cerulean imp hits the water moccasin with a -3 spear.
Okay, then.
The water moccasin bites your cerulean imp.
The hound bites your cerulean imp but does no damage.
The water moccasin closely misses your cerulean imp.
The hound closely misses your cerulean imp.
Your cerulean imp closely misses the water moccasin.
Your magical contamination has completely faded away.
The hound bites your cerulean imp.
Your cerulean imp dies!
Your cerulean imp disappears in a puff of smoke!
The water moccasin bites you!
You stop putting on your amulet.
* * * LOW HITPOINT WARNING * * *
The hound closely misses you. The hound attacks as it pursues you!
The hound bites you.
* * * LOW HITPOINT WARNING * * *
The water moccasin bites you!
You die...

...##...#######
................
.##.##...####### ..
#.....# .# ##...##
##.## #.# #.# ##@##
##§Sh## ##.....##
##..§.§(.##
...####.........###
......'.........'..
...####.........###
##.......##
##.....##


You could see a water moccasin and a hound.

Vanquished Creatures
  2 hounds (D:4)
  4 gnolls
  5 adders
  A dart slug (D:3)
  5 bats
  9 endoplasms
  2 giant cockroaches
  12 goblins
  7 hobgoblins
  3 jackals (D:1)
  2 quokkas
  7 ball pythons
  4 frilled lizards
  10 kobolds
  5 rats
78 creatures vanquished.

Vanquished Creatures (collateral kills)
  A bombardier beetle (D:4)
  3 orcs (D:4)
  2 ball pythons
  A bat (D:1)
  An endoplasm (D:2)
  A goblin (D:1)
  A hobgoblin (D:1)
  A rat (D:2)
11 creatures vanquished.

Grand Total: 89 creatures vanquished

Notes
Turn   | Place    | Note
-------+----------+-------------------------------------------
     0 | D:1      | Autsider the Oni Hedge Wizard began the quest for the Orb.
     0 | D:1      | Reached XP level 1. HP: 16/16 MP: 5/5
    86 | D:1      | Reached skill level 1 in Summonings
   148 | D:1      | Reached skill level 1 in Conjurations
   284 | D:1      | Reached XP level 2. HP: 26/26 MP: 3/6
   289 | D:1      | Reached skill level 1 in Fighting
   371 | D:1      | Learned a level 2 spell: Call Imp
   675 | D:1      | Reached XP level 3. HP: 20/33 MP: 0/8
  1135 | D:2      | Reached skill level 4 in Spellcasting
  1409 | D:2      | Reached skill level 1 in Maces & Flails
  1489 | D:2      | Reached XP level 4. HP: 40/42 MP: 10/10
  2075 | D:3      | Found Conik's Jewellery Boutique.
  2357 | D:3      | Reached XP level 5. HP: 50/50 MP: 7/11
  3512 | D:4      | Reached skill level 1 in Translocations
  3609 | D:4      | Reached XP level 6. HP: 39/61 MP: 5/12
  3903 | D:4      | Noticed a water moccasin
  3931 | D:4      | Slain by a water moccasin

Illustrated notes

Levels and vault maps discovered:
D:1:      psy_arrival_statuary, layout_basic, minmay_bisected
D:2:      layout_rooms, minmay_tripent
D:3:      layout_basic, serial_shops, nicolae_shop_gaudy_bauble,
          minmay_pentangle
D:4:      layout_loops_corners, minmay_temple_entry_arrows

Skill      XL: |  1  2  3  4  5 |
---------------+----------------+-----
Summonings     | 1 2 |  2.5
Conjurations   | 1 2 |  2.5
Fighting       | 1 2 3 |  3.4
Spellcasting   | 4 |  4.2
Maces & Flails | 1 2 |  2.3
Translocations | 1 |  1.2
Dodging        | |  1.7
Stealth        | |  1.4

Action                     |  1- 3 |  4- 6 || total
---------------------------+-------+-------++-------
  Melee: Unarmed           |     4 |       ||     4
         Headbutt          |     4 |     5 ||     9
         Club              |    29 |    32 ||    61
   Cast: Magic Dart        |    79 |   122 ||   201
         Call Imp          |     4 |    14 ||    18
    Use: Potion            |     1 |     1 ||     2
         Scroll            |     1 |       ||     1
 Armour: Skin              |    44 |    58 ||   102
  Dodge: Dodged            |    32 |    36 ||    68

Table legend: (Time is in decaauts)
 A = Elapsed time spent in this place.
 B = Non-inter-level travel time spent in this place.
 C = Inter-level travel time spent in this place.
 D = Time resting spent in this place.
 E = Time spent auto-exploring this place.
 F = Levels seen in this place.
 G = Mean time per level.
                   A        B        C        D        E       F      G
               +--------+--------+--------+--------+--------+-----+--------+
         Total |   3944 |   3865 |     79 |    275 |   2981 |   4 |  986.0 |
       Dungeon |   3944 |   3865 |     79 |    275 |   2981 |   4 |  986.0 |
               +--------+--------+--------+--------+--------+-----+--------+

Top non-repeatable levels by time:
     D:3: 1276 daAuts
     D:1: 1103 daAuts
     D:2: 826 daAuts
     D:4: 738 daAuts
